AoeStats
← u990221

Arabia

509368632Analyzed
2v2 RM · 6d ago on Sep 26, 2026· 25m 6s· 4 players
Game mode
Random Map
Map size
Medium (4 player)
Population
200
Speed
Normal
Resources
Standard
Victory
Conquest
Starting age
Dark Age
Ending age
Imperial Age
RankedLock teamsTeams togetherTeam positionsShared explorationLock speedFull tech treeHidden civsTurbo modeCheats
Victory
Defeat
🇹🇼 Varangians · Taiwan
1162
+14
🇹🇼 Saxons · Taiwan
1138
+15
🇮🇩 Italians · Indonesia
1121
-15
🇨🇳 Poles · China
1119
-14
Momo
7:54 Loom
10:23 Feudal Age
19:14 Castle Age
20:29 Fletching
21:48 Bodkin Arrow
21:58 Elite Skirmisher
25:13 Wheelbarrow
25:02 Double-Bit Axe
25:21 Padded Archer Armor
timerunner
6:52 Loom
9:17 Feudal Age
13:18 Horse Collar
15:29 Wheelbarrow
15:50 Double-Bit Axe
18:34 Gold Mining
21:06 Castle Age
20:46 Stone Mining
21:29 Bloodlines
23:32 Husbandry
23:44 Fletching
24:55 Scale Barding Armor
Andre114514
9:12 Feudal Age
9:47 Double-Bit Axe
14:45 Fletching
19:52 Castle Age
18:46 Padded Archer Armor
19:58 Horse Collar
20:15 Loom
20:33 Bodkin Arrow
20:04 Crossbowman
21:45 Wheelbarrow
21:52 Town Watch
22:20 Bow Saw
24:04 Ballistics
u990221
7:10 Loom
9:50 Feudal Age
10:21 Double-Bit Axe
15:45 Bloodlines
17:22 Horse Collar
22:23 Castle Age
20:54 Gold Mining
23:33 Wheelbarrow
23:32 Scale Barding Armor
24:03 Husbandry
25:44 Forging
Connection lost

Rejoining the realm…

Still unreachable

The connection could not be restored.

Session expired

The server has moved on; the page needs a fresh start.